 Dungeon Crawl Stone Soup version 0.31-a0-23-gcbde74481b (webtiles) character file.

Game seed: 9422744565003893851

359 pk666 the Magician (level 6, -3/32 HPs)
             Began as a Deep Elf Hedge Wizard on May 13, 2023.
             Was an Initiate of Vehumet.
             Slain by a lemure (7 damage)
             ... led by Pikel
             ... on level 5 of the Dungeon.
             The game lasted 00:13:08 (5660 turns).

pk666 the Magician (Deep Elf Hedge Wizard)          Turns: 5660, Time: 00:13:09

Health: -3/32      AC:  2    Str:  7    XL:     6   Next: 37%
Magic:  4/16       EV: 12    Int: 21    God:    Vehumet [......]
Gold:   244        SH:  0    Dex: 14    Spells: 10/16 levels left

rFire   . . .        q - +1 dagger (speed)
rCold   . . .        (no shield)
rNeg    . . .        b - +0 robe
rPois   .            c - +0 hat
rElec   .            (no cloak)
rCorr   .            (no gloves)
SInv    .            (no boots)
Will    .....        (no amulet)
Stlth   ++           (no ring)
HPRegen 0.25/turn    (no ring)
MPRegen 0.15/turn

%: no passive effects
@: on blink cooldown
A: no striking features
a: Renounce Religion


You were on level 5 of the Dungeon.
You worshipped Vehumet.
Vehumet was noncommittal.
You visited 1 branch of the dungeon, and saw 5 of its levels.

You collected 244 gold pieces.

Inventory:

Hand Weapons
 q - a +1 dagger of speed (weapon)
Armour
 b - a +0 robe (worn)
 c - a +0 hat (worn)
 t - the +0 leather armour "Mity" {+Inv rPois Str+4}
   (You found it on level 5 of the Dungeon)

   Str:       It affects your strength (+4).
   rPois:     It protects you from poison.
   +Inv:      It lets you turn invisible.
Jewellery
 a - an amulet of regeneration
Wands
 o - a wand of roots (3)
 u - a wand of flame (2)
Scrolls
 f - 5 scrolls of enchant weapon {unknown}
 h - 3 scrolls of identify {unknown}
 i - 2 scrolls of brand weapon {unknown}
 k - a scroll of fear {unknown}
 l - a scroll of enchant armour {unknown}
 m - 3 scrolls of noise {unknown}
 n - a scroll of teleportation {unknown}
 p - 2 scrolls of magic mapping {unknown}
 r - 3 scrolls of acquirement {unknown}
 v - a scroll of summoning {unknown}
Potions
 d - a potion of magic
 e - 4 potions of curing
 g - a potion of flight {unknown}
 j - a potion of brilliance {unknown}
 s - a potion of ambrosia {unknown}


   Skills:
 - Level 2.4 Dodging
 - Level 2.4 Stealth
 + Level 5.9 Spellcasting
 + Level 3.2 Conjurations
 - Level 1.1 Summonings
 + Level 3.1 Translocations
 + Level 2.1 Air Magic
 * Level 3.4 Poison Magic


You had 10 spell levels left.
You knew the following spells:

 Your Spells              Type           Power      Damage    Failure   Level
a - Magic Dart            Conj           80%        1d7       2%          1
b - Blink                 Tloc           38%        N/A       4%          2
c - Mephitic Cloud        Conj/Pois/Air  18%        N/A       9%          3

Your spell library contained the following spells:

 Spells                   Type           Power      Damage    Failure   Level
 Sting                    Tmut/Pois      52%        1d5       4%          1
 Poisonous Vapours        Pois/Air       34%        N/A       4%          2
 Cigotuvi's Dreadful Rot  Necr/Pois/Air  26%        N/A       7%          2
 Necrotise                Necr           24%        1d5       10%         1
 Slow                     Hex            24%        N/A       10%         1
 Call Imp                 Summ           20%        N/A       10%         2
 Olgreb's Toxic Radiance  Pois           20%        N/A       24%         4
 Vampiric Draining        Necr           6%         2d6       30%         3
 Agony                    Necr           6%         N/A       95%         5


Dungeon Overview and Level Annotations

Branches:
Dungeon (5/15)
 Temple: D:4-7

Altars:
Ashenzari
Trog
Vehumet

Annotations:
D:5 Pikel


Message History

You are very lightly contaminated with residual magic.
Nothing appears to happen.
The lemure hits you.
Casting: Magic Dart (safe; 2% risk of failure)
Confirm with . or Enter, or press ? or * to list all spells.
Aiming: Magic Dart (safe; 2% risk of failure)
Press: ? - help, Shift-Dir - straight line, f/p - lemure
Aim: a lemure (heavily wounded, confused, 100% to hit)
The magic dart hits the lemure.
The lemure is severely wounded.
The lemure seems less confused.
Casting: Magic Dart (safe; 2% risk of failure)
Confirm with . or Enter, or press ? or * to list all spells.
Aiming: Magic Dart (safe; 2% risk of failure)
Press: ? - help, Shift-Dir - straight line, f/p - lemure
Aim: a lemure (severely wounded, 100% to hit)
The magic dart hits the lemure.
The lemure is severely wounded.
The lemure seems less confused.
The lemure attacks as you move away! The lemure closely misses you.
Your magical contamination has completely faded away.
You see here a +0 chain mail.
The lemure attacks as you move away! The lemure closely misses you.
There is an open door here.
The lemure attacks as you move away! The lemure hits you!
The lemure attacks as you move away! The lemure hits you.
The lemure attacks as you move away! The lemure hits you.
The lemure attacks as you move away! The lemure hits you.
The lemure attacks as you move away! The lemure hits you!
The lemure attacks as you move away! The lemure closely misses you.
The lemure attacks as you move away! The lemure hits you!
* * * LOW HITPOINT WARNING * * *
Casting: Magic Dart (safe; 2% risk of failure)
Confirm with . or Enter, or press ? or * to list all spells.
You blink.
The lemure attacks as you move away! The lemure misses you.
There is a stone staircase leading down here.
The lemure attacks as you move away! The lemure hits you.
* * * LOW HITPOINT WARNING * * *
The lemure attacks as you move away! The lemure hits you!
You die...

#.# .### #.# #.# ..# #.# . ...
#.# #######.# #.##.###.......#
#........#.##### .
####.###...# . #.# ##### ## .#
# ##.## .. .# ### #.@.# .#..#
5.# #55.# #####.#..# #.# #...#
#...(.:..# ##
#.#####5..###.###.#..+
...#..#.#..................#
.......<...................# #
...#..#.#...........##.##..#
##
.......#####...###.##.....###.
......### #...# #........##..


You could see 3 lemures.

Vanquished Creatures
  A lemure (D:4)
  2 orc priests
  A hound (D:5)
  2 iguanas (D:3)
  2 orc wizards
  6 adders
  2 worms (D:4)
  A dart slug (D:2)
  19 orcs
  5 endoplasms
  6 giant cockroaches (D:4)
  4 hobgoblins
  4 jackals (D:3)
  10 kobolds
  7 quokkas
  5 ball pythons
  3 bats
  2 frilled lizards (D:2)
  4 goblins
  5 rats
91 creatures vanquished.

Notes
Turn   | Place    | Note
-------+----------+-------------------------------------------
     0 | D:1      | pk666 the Deep Elf Hedge Wizard began the quest for the
                  | Orb.
     0 | D:1      | Reached XP level 1. HP: 10/10 MP: 7/7
     2 | D:1      | Noticed a human
     4 | D:1      | Noticed a vine stalker
     4 | D:1      | Noticed an ogre
     6 | D:1      | Noticed a tengu
     8 | D:1      | Noticed an elf
     8 | D:1      | Noticed an armataur
    10 | D:1      | Noticed a gargoyle
    10 | D:1      | Noticed a demonspawn
    12 | D:1      | Noticed a merfolk
    12 | D:1      | Noticed a troll
    14 | D:1      | Noticed a meteoran
    14 | D:1      | Noticed a spriggan
    16 | D:1      | Noticed a minotaur
    18 | D:1      | Noticed a demigod
    18 | D:1      | Noticed a felid
    20 | D:1      | Noticed a naga
    20 | D:1      | Noticed a formicid
    22 | D:1      | Noticed a draconian
    22 | D:1      | Noticed an octopode
    24 | D:1      | Noticed a meteoran
    24 | D:1      | Noticed a vampire
    26 | D:1      | Noticed a draconian
    26 | D:1      | Noticed a merfolk
   517 | D:1      | Reached XP level 2. HP: 8/15 MP: 1/9
   586 | D:1      | Learned a level 2 spell: Blink
   715 | D:1      | Found a faded altar of an unknown god.
  1669 | D:2      | Reached skill level 5 in Spellcasting
  1669 | D:2      | Reached XP level 3. HP: 19/19 MP: 8/11
  1673 | D:2      | Learned a level 3 spell: Mephitic Cloud
  2272 | D:3      | Reached skill level 1 in Poison Magic
  2341 | D:3      | Reached XP level 4. HP: 7/24 MP: 0/13
  2638 | D:3      | Reached skill level 1 in Air Magic
  2920 | D:3      | Reached XP level 5. HP: 13/28 MP: 5/14
  3036 | D:3      | Found a faded altar of an unknown god.
  3044 | D:3      | Found a bloodstained altar of Trog.
  3991 | D:4      | Found a broken altar of Ashenzari.
  4154 | D:4      | Found a radiant altar of Vehumet.
  4162 | D:4      | Became a worshipper of Vehumet
  4249 | D:4      | Found a glowing drain.
  4437 | D:5      | Entered Level 5 of the Dungeon
  4437 | D:5      | Noticed Pikel
  4437 | D:5      | Noticed a lemure
  4437 | D:5      | Noticed a lemure
  4438 | D:5      | Noticed a lemure
  4438 | D:5      | Noticed a lemure
  4650 | D:4      | Killed a lemure
  4996 | D:5      | Identified the +0 leather armour "Mity" {+Inv rPois Str+4}
  5022 | D:4      | Reached XP level 6. HP: 17/32 MP: 0/16
  5660 | D:5      | Slain by a lemure

Illustrated notes

Levels and vault maps discovered:
D:1:      kb_arrival_jail, layout_basic, basic_ecumenical_altar, hex_tiny
D:2:      layout_rooms
D:3:      layout_loops_ring, nicolae_overflow_ecumenical_swirl, minmay_cut_off
D:4:      layout_gridville, ashenzari_conservatory_becter,
          mainiacjoe_overflow_surrounded_room, gup_sewer_entry_pipe,
          minmay_misc_feat_more_columns
D:5:      layout_loops_cross, minmay_quadrilaterals, uniq_pikel

Skill      XL: |  1  2  3  4  5  6 |
---------------+-------------------+-----
Translocations | 2 3 |  3.1
Conjurations   | 2 3 |  3.2
Spellcasting   | 5 |  5.9
Poison Magic   | 1 2 3 |  3.4
Air Magic      | 1 2 |  2.1
Dodging        | |  2.4
Stealth        | |  2.4
Summonings     | |  1.1

Action                     |  1- 3 |  4- 6 || total
---------------------------+-------+-------++-------
  Melee: Dagger            |     3 |    18 ||    21
   Cast: Magic Dart        |   114 |   228 ||   342
         Mephitic Cloud    |       |    13 ||    13
         Blink             |       |     6 ||     6
   Stab: Confused          |       |     2 ||     2
 Armour: Robe              |     2 |    10 ||    12
  Dodge: Dodged            |    12 |    50 ||    62

Table legend: (Time is in decaauts)
 A = Elapsed time spent in this place.
 B = Non-inter-level travel time spent in this place.
 C = Inter-level travel time spent in this place.
 D = Time resting spent in this place.
 E = Time spent auto-exploring this place.
 F = Levels seen in this place.
 G = Mean time per level.
                   A        B        C        D        E       F      G
               +--------+--------+--------+--------+--------+-----+--------+
         Total |   5670 |   5397 |    273 |   1624 |   2936 |   5 | 1134.0 |
       Dungeon |   5670 |   5397 |    273 |   1624 |   2936 |   5 | 1134.0 |
               +--------+--------+--------+--------+--------+-----+--------+

Top non-repeatable levels by time:
     D:3: 1962 daAuts
     D:1: 1199 daAuts
     D:4: 1170 daAuts
     D:2: 823 daAuts
     D:5: 514 daAuts
